Map: Orbital Shipyard

Players

SticklerMac

  • Race: Zerg Zerg
  • League: Bronze

TheCommunist - Winner!

  • Race: Protoss Protoss
  • League: Bronze

VOD

Have the link to the VOD?

Description

Time

  • Played on: Aug. 10, 2015, 8:46 p.m.
  • Length: 13:08
Show
View Real Time Build Order
Export as new Build Order

SticklerMac Zerg 

Build Orders: Hatch First 

Get SALT Encoding   

  12  0:00  Drone  
  13  0:08  Drone  
  14  0:17  Overlord  
  14  0:35  Drone x3  
  17  0:54  Hatchery  
  17  0:56  Drone  
  17  0:59  Drone  
  18  1:12  Spawning Pool  
  18  1:17  Drone, Extractor  
  17  1:20  Drone  
  18  1:29  Drone  
  19  1:40  Drone  
  20  1:52  Overlord  
  20  1:59  Queen  
  22  2:08  Zergling x2  
  22  2:19  Drone  
  23  2:25  Metabolic Boost  
  23  2:39  Zergling x2  
  23  2:40  Zergling x2  
  25  2:44  Zergling x2  
  25  2:48  Hatchery  
  24  2:55  Zergling x2  
  24  2:56  Hatchery  
  24  3:12  Zergling x10  
  28  3:24  Zergling x2  
  28  3:31  Zergling x2  
  29  3:43  Zergling x2  
  29  3:53  Zergling x2  
  26  4:01  Zergling x2  
  27  4:04  Zergling x2  
  27  4:05  Zergling x4  
  27  4:07  Hatchery  
  27  4:08  Zergling x4  
  31  4:18  Queen  
  31  4:19  Queen  
  35  4:27  Zergling x6  
  38  4:39  Roach Warren  
  38  4:44  Drone  
  38  4:47  Drone  
  39  4:59  Zergling x2  
  40  5:06  Drone x2  
  42  5:07  Extractor  
  42  5:08  Drone  
  42  5:13  Overlord  
  42  5:30  Drone x4  
  42  5:33  Drone  
  47  5:45  Queen  
  47  5:49  Drone  
  50  5:53  Drone  
  51  6:05  Drone x2  
  51  6:06  Drone x3  
  56  6:12  Overlord  
  56  6:21  Extractor  
  56  6:22  Overlord  
  56  6:23  Overlord  
  55  6:32  Spore Crawler  
  42  6:57  Spore Crawler  
  42  6:59  Spore Crawler  
  42  7:00  Spore Crawler  
  39  7:10  Drone x4  
  38  7:16  Drone x2  
  31  7:37  Drone x6  
  37  7:45  Drone x3  
  37  7:46  Drone  
  37  7:48  Drone  
  37  7:50  Drone  
  43  7:53  Drone  
  43  7:55  Drone  
  43  7:57  Drone  
  46  8:00  Drone  
  46  8:02  Drone  
  46  8:04  Drone  
  49  8:07  Roach  
  49  8:09  Roach  
  53  8:15  Roach  
  44  8:28  Roach  
  44  8:29  Roach x5  
  55  8:48  Overlord x3  
  51  8:55  Hatchery  
  43  9:14  Hatchery  
  42  9:23  Hatchery  
  39  9:35  Overlord x2  
  39  9:37  Overlord  
  33  9:54  Overlord x2  
  33  10:02  Drone  
  33  10:03  Drone  
  17  10:09  Drone  
  18  10:15  Drone  
  18  10:18  Drone  
  20  10:26  Drone  
  21  10:35  Drone  
  22  10:37  Drone  
  22  10:38  Drone  
  22  10:42  Overlord  
  24  10:50  Drone x2  
  24  10:53  Drone  
  24  10:56  Drone  
  28  11:00  Drone  
  28  11:02  Drone  
  30  11:08  Overlord  
  30  11:10  Drone  
  30  11:12  Drone  
  30  11:14  Drone  
  30  11:18  Drone  
  26  11:22  Drone  
  26  11:25  Drone  
  19  11:30  Drone  
  20  11:34  Drone  
  20  11:37  Drone  
  22  11:42  Drone  
  22  11:43  Drone  
  22  11:45  Drone  
  25  11:49  Drone  
  25  11:51  Drone  
  27  11:54  Drone  
  28  12:09  Hatchery  
  19  12:35  Drone  
  19  12:36  Drone x5  
  15  12:47  Drone  
Show
View Real Time Build Order
Export as new Build Order

TheCommunist Protoss - Winner!

Build Orders:  

Get SALT Encoding   

  12  0:01  Probe  
  13  0:13  Pylon  
  13  0:18  Probe  
  14  0:31  Probe (Chrono Boost)  
  15  0:41  Probe (Chrono Boost)  
  16  0:46  Forge  
  16  0:48  Probe  
  17  1:00  Probe (Chrono Boost)  
  18  1:08  Pylon  
  18  1:12  Probe (Chrono Boost)  
  19  1:21  Probe (Chrono Boost)  
  20  1:31  Photon Cannon  
  20  1:33  Photon Cannon  
  20  1:42  Probe  
  21  1:52  Nexus  
  21  1:54  Probe  
  22  1:58  Pylon  
  22  2:11  Probe  
  22  2:14  Gateway  
  23  2:21  Pylon  
  23  2:23  Probe  
  23  2:28  Photon Cannon  
  24  2:35  Probe  
  25  2:51  Photon Cannon  
  25  2:52  Photon Cannon  
  25  2:54  Pylon  
  25  2:56  Probe  
  26  3:03  Cybernetics Core  
  26  3:08  Probe  
  27  3:24  Probe  
  28  3:28  Photon Cannon  
  28  3:35  Assimilator  
  28  3:36  Probe (Chrono Boost)  
  28  3:37  Probe (Chrono Boost)  
  30  3:42  Assimilator  
  30  3:44  Assimilator  
  32  3:48  Probe (Chrono Boost), Assimilator  
  32  3:49  Probe (Chrono Boost)  
  32  3:57  Probe (Chrono Boost)  
  32  4:00  Probe (Chrono Boost)  
  33  4:06  Probe (Chrono Boost)  
  33  4:09  Warp Gate  
  34  4:12  Probe (Chrono Boost)  
  36  4:18  Probe (Chrono Boost)  
  36  4:19  Zealot  
  36  4:22  Probe (Chrono Boost)  
  39  4:24  Probe (Chrono Boost)  
  39  4:30  Probe (Chrono Boost)  
  41  4:32  Protoss Ground Weapons Level 1 (Chrono Boost)  
  41  4:34  Probe (Chrono Boost)  
  41  4:38  Probe (Chrono Boost)  
  43  4:41  Probe (Chrono Boost), Pylon  
  43  4:45  Pylon  
  44  4:47  Stargate  
  44  4:54  Gateway  
  44  4:56  Gateway  
  44  4:59  Pylon, Zealot  
  46  5:05  Probe x2  
  46  5:06  Gateway  
  48  5:10  Pylon  
  48  5:17  Probe x2  
  50  5:30  Oracle (Chrono Boost)  
  53  5:36  Stalker, Probe  
  53  5:37  Probe  
  53  5:41  Stalker  
  59  5:43  Stalker  
  59  5:49  Probe x2  
  63  5:52  Gateway  
  63  5:53  Gateway  
  63  5:54  Pylon  
  63  5:55  Gateway  
  63  5:56  Pylon  
  63  5:59  Pylon  
  63  6:01  Oracle (Chrono Boost)  
  66  6:18  Probe x2  
  70  6:47  Probe x2  
  70  6:50  Void Ray (Chrono Boost)  
  70  6:52  Protoss Ground Armor Level 1  
  74  7:03  Pylon  
  74  7:04  Pylon  
  74  7:19  Adept x4  
  74  7:20  Adept x3  
  86  7:32  Void Ray (Chrono Boost)  
  86  7:35  Nexus  
  90  7:39  Pylon  
  90  7:40  Pylon  
  90  7:46  Probe x2  
  90  7:50  Stalker x3  
  90  7:51  Stalker x4  
  106  8:07  Photon Cannon x2  
  106  8:09  Photon Cannon  
  106  8:10  Gateway  
  106  8:11  Gateway  
  106  8:37  Void Ray  
  110  8:48  Probe  
  110  8:49  Probe  
  110  8:51  Probe  
  113  9:00  Probe  
  113  9:01  Probe  
  115  9:07  Stalker x3  
  115  9:08  Stalker x4  
  129  9:13  Assimilator  
  129  9:17  Assimilator  
  129  9:20  Twilight Council  
  129  9:24  Fleet Beacon  
  129  9:27  Stargate  
  129  9:28  Stargate  
  127  10:10  Stalker x4  
  127  10:11  Stalker  
  137  10:18  Pylon  
  137  10:19  Pylon  
  137  10:21  Pylon  
  137  10:40  Nexus  
  134  11:22  Pylon  
  134  11:23  Adept x5, Pylon  
  134  11:24  Adept x4  
  152  11:37  Pylon  
  152  11:40  Pylon  
  152  11:56  Photon Cannon  
  152  11:58  Photon Cannon  
  152  12:00  Photon Cannon  
  152  12:01  Photon Cannon  
  152  12:05  Gateway x2  
  152  12:08  Gateway  
  152  12:11  Gateway  
  152  12:13  Gateway  
  170  12:16  Pylon  
  170  12:20  Dark Shrine  
  170  12:24  Assimilator  
  170  12:26  Assimilator  
Tags
 
Add a new tag
Caveats
  • Supply blocks, unpowered buildings, or Contaminate may cause inaccurate times.
  • Supply counts are checked every 10 seconds.